 Dungeon Crawl Stone Soup version 0.29-a0-973-gac7da5f7f0 (webtiles) character file.

Game seed: 17002997300038498427

825 xian the Covered (level 7, -3/63 HPs)
             Began as a Minotaur Fighter on Aug 1, 2022.
             Slain by Duvessa
             ... wielding a +0 rapier
              (8 damage)
             ... on level 4 of the Dungeon.
             The game lasted 00:12:17 (3477 turns).

xian the Covered (Minotaur Fighter)                 Turns: 3477, Time: 00:12:18

Health: -3/63      AC: 11    Str: 20    XL:     7   Next: 64%
Magic:  6/6        EV: 12    Int:  8    God:
Gold:   130        SH:  9    Dex: 13    Spells: 6/6 levels left

rFire   . . .      SeeInvis .   k - +3 whip (pain)
rCold   . . .      Faith    .   c - +0 buckler
rNeg    + . .      Spirit   .   x - +0 chain mail
rPois   .          Reflect  .   f - +0 hat
rElec   .          Harm     .   (no cloak)
rCorr   .          Rampage  .   (no gloves)
Will    .....                   e - +0 pair of boots
Stlth   ..........              (no amulet)
HPRegen 0.20/turn               o - +4 ring of evasion
MPRegen 0.10/turn               q - ring of positive energy

@: lit by a corona, glowing
A: horns 2, retaliatory headbutt, talons 1, large bone plates 1, agile 1, clever
1
a: no special abilities


You were on level 4 of the Dungeon.
You visited 1 branch of the dungeon, and saw 4 of its levels.

You collected 130 gold pieces.

Inventory:

Hand Weapons
 k - a +3 whip of pain (weapon)
Missiles
 s - 5 poisoned darts (quivered)
Armour
 b - a +0 scale mail
 c - a +0 buckler (worn)
 e - a +0 pair of boots (worn)
 f - a +0 hat (worn)
 w - an orb of light
 x - a +0 chain mail (worn)
Jewellery
 o - a +4 ring of evasion (left hand)
 q - a ring of positive energy (right hand)
 u - a ring of resist corrosion
Scrolls
 g - a scroll of silence {unknown}
 l - a scroll of magic mapping {unknown}
 m - a scroll of blinking {unknown}
 n - 2 scrolls of teleportation {unknown}
 t - a scroll of enchant armour {unknown}
 v - a scroll of summoning {unknown}
Potions
 a - 3 potions of curing
 d - 2 potions of magic
 h - 2 potions of cancellation


   Skills:
 + Level 6.1 Fighting
 + Level 5.9 Maces & Flails
 + Level 0.4 Throwing
 + Level 6.6 Armour
 + Level 1.6 Dodging
 + Level 0.2 Stealth
 + Level 5.1 Shields


You had 6 spell levels left.
You didn't know any spells.
Your spell library contained the following spells:

 Spells                   Type           Power      Damage    Failure   Level
 Ensorcelled Hibernation  Hex/Ice        0%         N/A       100%        2
 Passwall                 Tmut/Erth      0%         N/A       100%        2
 Gell's Gravitas          Tloc           0%         N/A       100%        3
 Lesser Beckoning         Tloc           0%         N/A       100%        3
 Stone Arrow              Conj/Erth      0%         3d7       100%        3
 Swiftness                Air            0%         N/A       100%        3
 Teleport Other           Tloc           0%         N/A       100%        3
 Tukima's Dance           Hex            0%         N/A       100%        3
 Animate Armour           Summ/Erth      0%         N/A       100%        4
 Passage of Golubria      Tloc           0%         N/A       100%        4
 Yara's Violent Unravell  Hex/Tmut       0%         3d3       100%        5
 Lehudib's Crystal Spear  Conj/Erth      0%         10d2      100%        8


Dungeon Overview and Level Annotations

Branches:
Dungeon (4/15)
 Temple: D:4-7

Altars:
Zin

Annotations:
D:4 Duvessa


Innate Abilities, Weirdness & Mutations

You have a pair of horns on your head.
You reflexively headbutt those who attack you in melee.
You have sharp toenails.
You are partially covered in large bone plates. (SH +4)
You are agile. (Dex +4, Str/Int -1)
Your mind is acute. (Int +4, Str/Dex -1)


Message History

Dowan is severely wounded.
Dowan drinks a potion.
Dowan is healed!
Duvessa completely misses you. You furiously retaliate!
You headbutt Duvessa. You hit Dowan.
Dowan is heavily wounded.
Dowan hits you but does no damage. Duvessa hits you with a +0 rapier.
You closely miss Dowan.
Dowan is heavily wounded.
Dowan smirks and points a slender finger.
Dowan hits you with a +0 dagger. You block Duvessa's attack.
You miss Dowan. You headbutt Dowan!
Dowan is almost dead.
Dowan casts a spell at you. The puff of frost hits you.
Duvessa hits you but does no damage.
Unknown command.
You hit Dowan.
You kill Dowan!
Duvessa screams in rage.
Duvessa goes berserk!
Duvessa hits you with a +0 rapier! Duvessa hits you but does no damage.
Things that are here:
a +0 dagger; a +0 robe You barely miss Duvessa.
You headbutt Duvessa, but do no damage.
Duvessa is lightly wounded.
Duvessa hits you with a +0 rapier!
You hit Duvessa. You headbutt Duvessa.
Duvessa is lightly wounded.
Duvessa hits you with a +0 rapier! x2
* * * LOW HITPOINT WARNING * * *
You hit Duvessa but do no damage.
Duvessa is lightly wounded.
You block Duvessa's attack.
You completely miss Duvessa.
Duvessa is lightly wounded.
Duvessa hits you with a +0 rapier!
* * * LOW HITPOINT WARNING * * *
You completely miss Duvessa. You headbutt Duvessa, but do no damage.
Duvessa is lightly wounded.
Duvessa hits you with a +0 rapier!
You die...

#. #. ##. ##..#
.... # #.. .#
#..###. #.##
##... ##......
#e@##.?...
......# ##....#
.....#######..###
#.......##...#
#.)..........##
#...####.....##
#....##.......#
#.##.....######
##.###...##


You could see Duvessa (berserk).

Vanquished Creatures
  Grinder (D:4)
  Sigmund (D:4)
  Eustachio (D:4)
  Dowan (D:4)
  An orc priest (D:3)
  An iguana (D:4)
  Natasha (thrice) (D:2)
  3 orc wizards (D:3)
  3 adders
  A worm (D:4)
  7 orcs
  2 bats
  A giant cockroach (D:2)
  6 goblins
  2 hobgoblins (D:2)
  3 jackals (D:4)
  3 quokkas
  5 ball pythons
  4 frilled lizards
  4 kobolds
  3 rats
56 creatures vanquished.

Vanquished Creatures (others)
  3 fungi (D:3)
3 creatures vanquished.

Grand Total: 59 creatures vanquished

Notes
Turn   | Place    | Note
-------+----------+-------------------------------------------
     0 | D:1      | xian the Minotaur Fighter began the quest for the Orb.
     0 | D:1      | Reached XP level 1. HP: 19/19 MP: 0/0
   663 | D:2      | Noticed Natasha
   669 | D:2      | Killed Natasha
   670 | D:2      | Reached XP level 2. HP: 23/27 MP: 1/1
   670 | D:2      | Reached XP level 3. HP: 28/33 MP: 2/2
   752 | D:2      | Noticed Natasha
   766 | D:2      | Killed Natasha
   835 | D:2      | Noticed Natasha
   847 | D:2      | Killed Natasha
   848 | D:2      | Reached XP level 4. HP: 33/41 MP: 3/3
   976 | D:2      | Reached skill level 5 in Armour
  1590 | D:3      | Reached skill level 5 in Fighting
  1590 | D:3      | Reached XP level 5. HP: 12/48 MP: 4/4
  1991 | D:3      | Found a faded altar of an unknown god.
  2580 | D:4      | Noticed Sigmund
  2588 | D:4      | Gained mutation: You have hidden genetic potential. [potion
                  | of mutation]
  2588 | D:4      | Gained mutation: You have sharp toenails. [potion of
                  | mutation]
  2588 | D:4      | Gained mutation: You are partially covered in large bone
                  | plates. (SH +4) [potion of mutation]
  2598 | D:4      | Killed Sigmund
  2599 | D:4      | Reached skill level 1 in Dodging
  2599 | D:4      | Reached XP level 6. HP: 40/57 MP: 5/5
  2614 | D:4      | Gained mutation: Your mind is acute. (Int +4, Str/Dex -1)
                  | [hidden potential]
  3000 | D:4      | Found a glowing silver altar of Zin.
  3049 | D:4      | Noticed Grinder
  3051 | D:4      | Paralysed by Grinder for 5 turns
  3070 | D:4      | Killed Grinder
  3071 | D:4      | Reached skill level 5 in Maces & Flails
  3071 | D:4      | Reached XP level 7. HP: 36/62 MP: 6/6
  3071 | D:4      | Noticed Eustachio
  3085 | D:4      | Killed Eustachio
  3086 | D:4      | Reached skill level 5 in Shields
  3094 | D:4      | Gained mutation: You are agile. (Dex +4, Str/Int -1)
                  | [hidden potential]
  3094 | D:4      | Lost mutation: You have hidden genetic potential. [hidden
                  | potential expressed]
  3460 | D:4      | Noticed Dowan
  3462 | D:4      | Noticed Duvessa
  3471 | D:4      | Killed Dowan
  3477 | D:4      | Slain by Duvessa

Illustrated notes

Levels and vault maps discovered:
D:1:      lightli_arrival_windingriver, layout_basic
D:2:      layout_basic, uniq_natasha
D:3:      layout_loops_ring, shapermc_ecumenical_altar_ellora, minivault_23
D:4:      layout_layer_cave, kennysheep_mini, uniq_sigmund,
          uniq_crazy_yiuf_cottage, uniq_eustachio, uniq_grinder, uniq_duvessa

Skill      XL: |  1  2  3  4  5  6  7 |
---------------+----------------------+-----
Fighting       | 4 5 6 |  6.1
Armour         | 4 5 6 |  6.6
Shields        | 4 5 |  5.1
Maces & Flails | 3 4 5 |  5.9
Dodging        | 1 |  1.6
Throwing       | |  0.4
Stealth        | |  0.2

Action                   |  1- 3 |  4- 6 |  7- 9 || total
-------------------------+-------+-------+-------++-------
Melee: Whip              |    32 |   122 |    29 ||   183
       Flail             |     4 |       |       ||     4
       Headbutt          |     4 |    16 |     6 ||    26
Throw: Dart              |       |     2 |     3 ||     5
  Use: Potion            |     1 |     4 |       ||     5
       Scroll            |       |     3 |       ||     3
Armor: Scale mail        |    14 |    14 |       ||    28
       Chain mail        |       |     9 |     9 ||    18
Dodge: Dodged            |    20 |    47 |    12 ||    79
Block: Buckler           |     7 |    24 |    10 ||    41

Table legend: (Time is in decaauts)
 A = Elapsed time spent in this place.
 B = Non-inter-level travel time spent in this place.
 C = Inter-level travel time spent in this place.
 D = Time resting spent in this place.
 E = Time spent auto-exploring this place.
 F = Levels seen in this place.
 G = Mean time per level.
                   A        B        C        D        E       F      G
               +--------+--------+--------+--------+--------+-----+--------+
         Total |   3455 |   3407 |     48 |      0 |   2605 |   4 |  863.8 |
       Dungeon |   3455 |   3407 |     48 |      0 |   2605 |   4 |  863.8 |
               +--------+--------+--------+--------+--------+-----+--------+

Top non-repeatable levels by time:
     D:3: 990 daAuts
     D:2: 958 daAuts
     D:4: 887 daAuts
     D:1: 618 daAuts
